 Dungeon Crawl Stone Soup version 0.31-a0-167-g1c394c0614 (webtiles) character file.

Game seed: 5941585131894402388

359 Shayle the Sneak (level 6, 0/37 HPs)
             Began as a Tengu Brigand on June 14, 2023.
             Slain by an ice beast (10 damage)
             ... on level 5 of the Dungeon.
             The game lasted 00:07:47 (2114 turns).

Shayle the Sneak (Tengu Brigand)                    Turns: 2114, Time: 00:07:49

Health: 0/37       AC:  3    Str: 11    XL:     6   Next: 65%
Magic:  7/7        EV: 21    Int: 11    God:
Gold:   197        SH:  0    Dex: 18    Spells: 5/5 levels left

rFire   + . .        a - +2 dagger
rCold   . . .        (no shield)
rNeg    . . .        b - +0 robe
rPois   .            (helmet restricted)
rElec   .            c - +0 cloak
rCorr   .            (no gloves)
SInv    .            (boots unavailable)
Will    .....        (no amulet)
Stlth   +++          u - +5 ring of evasion
HPRegen 0.26/turn    o - ring of protection from fire
MPRegen 0.10/turn

%: no passive effects
@: flying quickly and evasively, quick
A: beak, talons 3, nimble flight
a: no special abilities


You were on level 5 of the Dungeon.
You visited 1 branch of the dungeon, and saw 5 of its levels.

You collected 197 gold pieces.

Inventory:

Hand Weapons
 a - a +2 dagger (weapon)
Missiles
 d - 16 poisoned darts
 e - 3 curare-tipped darts
Armour
 b - a +0 robe (worn)
 c - a +0 cloak (worn)
Jewellery
 o - a ring of protection from fire (right hand)
 u - a +5 ring of evasion (left hand)
 v - a ring of wizardry
 x - a ring of poison resistance
Scrolls
 f - a scroll of butterflies {unknown}
 g - 3 scrolls of enchant armour {unknown}
 l - a scroll of amnesia {unknown}
 p - a scroll of blinking {unknown}
 r - 2 scrolls of noise {unknown}
 s - 2 scrolls of identify {unknown}
 t - a scroll of torment {unknown}
Potions
 h - a potion of brilliance {unknown}
 i - a potion of cancellation {unknown}
 j - 2 potions of curing
 k - 3 potions of might {unknown}
 m - a potion of magic {unknown}
 n - a potion of ambrosia {unknown}
 q - a potion of resistance {unknown}
 z - a potion of mutation {unknown}


   Skills:
 + Level 3.4 Fighting
 + Level 3.8 Short Blades
 - Level 3.0 Throwing
 + Level 3.2 Dodging
 + Level 5.1 Stealth
 + Level 1.3 Evocations


You had 5 spell levels left.
You didn't know any spells.
Your spell library was empty.

Dungeon Overview and Level Annotations

Branches:
Dungeon (5/15)
 Temple: D:4-7

Altars:
Dithmenos
The Shining One

Annotations:
D:5 1 runed translucent door, Crazy Yiuf


Innate Abilities, Weirdness & Mutations

You have a beak for a mouth.
You have claws for feet.
Your magical nature lets you fly swiftly and evasively.


Message History

Found a scroll labelled CAXKAKOU NUSTE and a scroll labelled UNYEXO YWUU.
Found a rapier.
Found a stone staircase leading down.
An ufetubus comes into view.
The ufetubus shouts!
You hit the ice beast but do no damage.
The ice beast is moderately wounded.
You hear a shout!
The ice beast barely misses you.
You closely miss the ice beast.
The ice beast is moderately wounded.
You barely miss the ice beast. Your kick misses the ice beast.
The ice beast is moderately wounded.
The ice beast barely misses you.
You hit the ice beast.
The ice beast is heavily wounded.
The ice beast hits you. The ice beast freezes you!
You barely miss the ice beast.
The ice beast is heavily wounded.
The ice beast hits you. The ice beast freezes you!
You barely miss the ice beast. Your kick misses the ice beast.
You punch the ice beast, but do no damage.
The ice beast is heavily wounded.
The ice beast completely misses you.
You completely miss the ice beast. Your kick misses the ice beast.
The ice beast is heavily wounded.
An ufetubus comes into view.
The ufetubus completely misses you.
The ufetubus hits you but does no damage.
The ufetubus shouts!
You hit the ice beast but do no damage.
The ice beast is heavily wounded.
The ice beast barely misses you. The ufetubus hits you.
The ufetubus closely misses you.
You hit the ice beast but do no damage.
The ice beast is heavily wounded.
The ufetubus barely misses you. The ufetubus closely misses you.
The ice beast hits you.
* * * LOW HITPOINT WARNING * * *
The ice beast freezes you!
You die...

#.# ###.....
#.# ######
####### #.#
.......###.#
.........#.#
.
...........#
#######
...........#
#......
...........#
#.#####
......5@...#
#.#
).....Y....#
###.#
........).##
#...##♣♣
..........#
#.....P♣♣
..5.......#
#.....P.♣
..........#
###........
........??#
#.......P.♣
.>........#
#.....##♣♣♣
#.#.....#


You could see an ice beast and 2 ufetubi.

Vanquished Creatures
  Edmund (D:5)
  A scorpion (D:5)
  A crimson imp (D:3)
  A sleepcap (D:3)
  Ijyb (D:4)
  4 adders
  2 worms
  2 dart slugs
  3 orcs
  3 bats
  5 endoplasms
  2 giant cockroaches (D:1)
  4 goblins
  3 hobgoblins
  2 jackals (D:2)
  A quokka (D:4)
  3 ball pythons
  A frilled lizard (D:1)
  A goblin skeleton (D:3)
  3 goblin zombies (D:3)
  A hobgoblin zombie (D:3)
  5 kobolds
  A kobold skeleton (D:3)
  3 orc skeletons (D:3)
  An orc zombie (D:3)
  5 rats
60 creatures vanquished.

Notes
Turn   | Place    | Note
-------+----------+-------------------------------------------
     0 | D:1      | Shayle the Tengu Brigand began the quest for the Orb.
     0 | D:1      | Reached XP level 1. HP: 12/12 MP: 2/2
   225 | D:1      | Reached XP level 2. HP: 17/17 MP: 3/3
   627 | D:2      | Reached XP level 3. HP: 16/21 MP: 4/4
   970 | D:2      | Reached XP level 4. HP: 21/27 MP: 5/5
  1310 | D:3      | Found a glowing golden altar of the Shining One.
  1526 | D:3      | Noticed a kobold brigand
  1562 | D:3      | Gained mutation: Your magical nature lets you fly swiftly
                  | and evasively. [Tengu growth]
  1562 | D:3      | Reached XP level 5. HP: 31/32 MP: 6/6
  1611 | D:3      | You are sucked into a shaft and drop 1 floor!
  1660 | D:4      | Noticed Ijyb
  1670 | D:4      | Killed Ijyb
  1715 | D:4      | Found a shadowy altar of Dithmenos.
  1808 | D:4      | Noticed a lemure
  1808 | D:4      | Noticed a lemure
  1850 | D:5      | Entered Level 5 of the Dungeon
  1883 | D:5      | Found a runed translucent door.
  1884 | D:5      | Noticed Crazy Yiuf
  1998 | D:5      | Noticed Edmund
  2008 | D:5      | Killed Edmund
  2009 | D:5      | Reached skill level 5 in Stealth
  2009 | D:5      | Reached skill level 1 in Evocations
  2009 | D:5      | Reached XP level 6. HP: 37/37 MP: 7/7
  2101 | D:5      | Noticed an ice beast
  2114 | D:5      | Slain by an ice beast

Illustrated notes

Levels and vault maps discovered:
D:1:      dpeg_arrival_prison, layout_basic
D:2:      layout_loops_ring, hangedman_glass_teeth
D:3:      layout_rooms, nicolae_tso_besieged_by_evil
D:4:      layout_basic, mainiacjoe_overflow_catwalk,
          chequers_serial_rivers_large_a, st_stairs_14, nicolae_hexahallways,
          uniq_pikel, uniq_ijyb
D:5:      layout_basic, minmay_temple_entry_sparse_star, serial_shops,
          nicolae_shop_rolling_square, uniq_eustachio, uniq_crazy_yiuf_cottage,
          uniq_edmund, uniq_prince_ribbit1

Skill      XL: |  1  2  3  4  5 |
---------------+----------------+-----
Dodging        | 2 3 |  3.2
Short Blades   | 3 |  3.8
Fighting       | 3 |  3.4
Throwing       | 3 |  3.0
Stealth        | 5 |  5.1
Evocations     | 1 |  1.3

Action                     |  1- 3 |  4- 6 || total
---------------------------+-------+-------++-------
  Melee: Dagger            |    67 |   146 ||   213
         Kick              |    14 |    45 ||    59
         Peck              |    11 |    21 ||    32
         Punch             |       |     2 ||     2
  Throw: Dart              |     1 |    10 ||    11
  Evoke: Wand              |       |     4 ||     4
    Use: Potion            |     1 |       ||     1
   Stab: Sleeping          |    12 |     5 ||    17
         Distracted        |       |     1 ||     1
 Armour: Robe              |    15 |    18 ||    33
  Dodge: Dodged            |    37 |    72 ||   109

Table legend: (Time is in decaauts)
 A = Elapsed time spent in this place.
 B = Non-inter-level travel time spent in this place.
 C = Inter-level travel time spent in this place.
 D = Time resting spent in this place.
 E = Time spent auto-exploring this place.
 F = Levels seen in this place.
 G = Mean time per level.
                   A        B        C        D        E       F      G
               +--------+--------+--------+--------+--------+-----+--------+
         Total |   2038 |   1990 |     48 |     70 |   1139 |   5 |  407.6 |
       Dungeon |   2038 |   1990 |     48 |     70 |   1139 |   5 |  407.6 |
               +--------+--------+--------+--------+--------+-----+--------+

Top non-repeatable levels by time:
     D:2: 762 daAuts
     D:1: 504 daAuts
     D:3: 316 daAuts
     D:5: 239 daAuts
     D:4: 216 daAuts
